AoeStats
← tuberculito

MegaRandom

508546166Analyzed
2v2 RM · 11d ago on Sep 23, 2026· 50m 35s· 4 players
Game mode
Random Map
Map size
Medium (4 player)
Population
200
Speed
Normal
Resources
Standard
Victory
Conquest
Starting age
Dark Age
Ending age
Imperial Age
RankedLock teamsTeams togetherTeam positionsShared explorationLock speedFull tech treeHidden civsTurbo modeCheats
Victory
Defeat
🇺🇸 Teutons · United States
760
+10
🇺🇸 Khmer · United States
755
+10
🇨🇱 Britons · Chile
679
-12
🇨🇦 Turks · Canada
563
-8
tuberculito
0:45 Loom
11:56 Feudal Age
12:07 Man-at-Arms
21:36 Castle Age
20:32 Double-Bit Axe
20:40 Gold Mining
20:34 Horse Collar
22:59 Bow Saw
23:27 Gold Shaft Mining
23:29 Husbandry
29:42 Wheelbarrow
30:23 Town Watch
30:48 Heavy Plow
35:55 Imperial Age
34:14 Stone Mining
34:52 Hand Cart
34:39 Town Patrol
39:49 Hoardings
38:44 Sappers
39:36 Conscription
38:44 Pikeman
39:25 Squires
39:10 Arson
38:58 Cavalier
38:59 Light Cavalry
39:42 Scale Mail Armor
39:52 Forging
39:48 Scale Barding Armor
40:32 Halberdier
41:16 Padded Archer Armor
42:48 Two-Man Saw
42:47 Crossbowman
42:48 Elite Skirmisher
44:26 Arbalester
45:42 Long Swordsman
46:08 Gambesons
46:56 Elite Longbowman
49:03 Fletching
49:49 Iron Casting
49:29 Chain Mail Armor
49:30 Leather Archer Armor
49:35 Chain Barding Armor
Loud Ventrilloquist
0:29 Loom
14:53 Feudal Age
15:22 Double-Bit Axe
16:29 Horse Collar
25:21 Castle Age
25:18 Forging
25:09 Scale Mail Armor
25:11 Padded Archer Armor
25:02 Fletching
26:25 Heavy Plow
26:40 Bow Saw
27:21 Man-at-Arms
37:47 Imperial Age
35:04 Town Watch
35:54 Wheelbarrow
35:49 Chain Mail Armor
36:09 Iron Casting
35:34 Murder Holes
36:00 Ballistics
35:57 Squires
Salty Nuht1125
12:51 Feudal Age
13:29 Double-Bit Axe
13:29 Horse Collar
16:13 Wheelbarrow
21:52 Castle Age
23:49 Bow Saw
23:42 Heavy Plow
23:36 Stone Mining
23:37 Loom
25:16 Hand Cart
26:47 Pikeman
29:12 Forging
29:03 Scale Mail Armor
34:08 Imperial Age
32:44 Stone Shaft Mining
32:00 Gold Mining
33:40 Husbandry
33:50 Bloodlines
34:19 Iron Casting
33:35 Fletching
33:51 Scale Barding Armor
37:28 Bodkin Arrow
38:28 Crop Rotation
38:10 Caravan
38:59 Bracer
39:16 Chain Mail Armor
40:02 Blast Furnace
39:22 Chain Barding Armor
40:34 Masonry
40:36 Fortified Wall
41:47 Conscription
42:42 Padded Archer Armor
44:51 Tusk Swords
45:12 Double Crossbow
45:42 Halberdier
48:26 Elite Battle Elephant
MurphsLaaww
7:52 Loom
12:09 Feudal Age
13:47 Horse Collar
25:26 Castle Age
42:22 Imperial Age
43:23 Ironclad
43:25 Conscription
43:08 Fletching
44:58 Wheelbarrow
44:09 Town Watch
44:25 Bodkin Arrow
44:58 Ballistics
44:22 Pikeman
45:11 Scale Mail Armor
48:11 Crenellations
49:07 Forging
49:13 Chain Mail Armor
Connection lost

Rejoining the realm…

Still unreachable

The connection could not be restored.

Session expired

The server has moved on; the page needs a fresh start.